 Dungeon Crawl Stone Soup version 0.26-a0-812-g31a745ddcd (webtiles) character file.

Game seed: 14562422994111561815

5372 kae the Grappler (level 10, -13/57 HPs)
             Began as a Tengu Transmuter on Nov 19, 2020.
             Was a Follower of Hepliaklqana.
             Mangled by a slime creature (15 damage)
             ... on level 9 of the Dungeon.
             The game lasted 00:08:16 (11047 turns).

kae the Grappler (Tengu Transmuter)                Turns: 11047, Time: 00:08:17

Health: -13/57     AC:  6    Str: 15    XL:     10   Next: 66%
Magic:  15/17      EV: 15    Int: 11    God:    Hepliaklqana [*.....]
Gold:   448        SH:  0    Dex: 14    Spells: 4/17 levels left

rFire    x . .     SeeInvis .     - Unarmed
rCold    + + +     Faith    .   (shield currently unavailable)
rNeg     . . .     Spirit   .   (armour currently unavailable)
rPois    +         Reflect  .   (helmet currently unavailable)
rElec    .         Harm     .   (cloak currently unavailable)
rCorr    .         Rampage  .   (gloves currently unavailable)
MR       .....                  (boots unavailable)
Stlth    +.........             (no amulet)
HPRegen  0.19/turn              (no ring)
MPRegen  0.15/turn              (no ring)

@: ice-form, flying quickly and evasively, quick
A: large, reduced essence, dopey 1, frail 1, able to fly
a: Stop Flying, End Transformation, Recall Ancestor, Ancestor Identity, Renounce
Religion


You were on level 9 of the Dungeon.
You worshipped Hepliaklqana.
Hepliaklqana was aware of your devotion.
You were a creature of crystalline ice.
You visited 2 branches of the dungeon, and saw 10 of its levels.

You collected 448 gold pieces.

Inventory:

Armour
 a - a +0 robe (melded)
 r - a +1 pair of gloves (melded)
 u - a +0 cloak (melded)
Jewellery
 d - a cursed ring of teleportation {unknown}
 g - an uncursed ring of magical power {unknown}
 n - a cursed -4 ring of evasion {unknown}
 s - an uncursed ring of flight {unknown}
Wands
 m - a wand of paralysis (11)
Scrolls
 b - 5 scrolls of remove curse
 c - 3 scrolls of teleportation
 h - 3 scrolls of amnesia
 i - 4 scrolls of identify
 l - 4 scrolls of magic mapping
Potions
 e - a potion of berserk rage
 f - a potion of ambrosia
 j - 3 potions of attraction {unknown}
 k - 5 potions of curing
 o - 2 potions of magic
 p - a potion of brilliance {unknown}


   Skills:
 + Level 6.3 Fighting
 + Level 5.1 Dodging
 * Level 10.5 Unarmed Combat
 - Level 4.4 Spellcasting
 * Level 7.8 Transmutations
 - Level 5.0 Ice Magic


You had 4 spell levels left.
You knew the following spells:

 Your Spells              Type           Power        Failure   Level
a - Beastly Appendage     Tmut           ###...       1%          1
b - Spider Form           Tmut/Pois      ##........   14%         3
c - Blade Hands           Tmut           ###.......   26%         5
d - Ice Form              Ice/Tmut       ###.....     16%         4

Your spell library contained the following spells:

 Spells                   Type           Power        Failure   Level
 Wereblood                Tmut           ###.....     1%          2
 Summon Small Mammal      Summ           #...         22%         1
 Call Imp                 Summ           #.......     34%         2
 Call Canine Familiar     Summ           #.......     56%         3
 Summon Guardian Golem    Hex/Summ       #.......     56%         3
 Summon Ice Beast         Ice/Summ       #.......     63%         4
 Summon Lightning Spire   Summ/Air       #.......     92%         4


Dungeon Overview and Level Annotations

Branches:
Dungeon (9/15)             Temple (1/1) D:7
   Lair: D:8-11         Orc: D:9-12

Altars:
Ashenzari
Cheibriados
Dithmenos
Elyvilon
Fedhas
Gozag
Hepliaklqana
Kikubaaqudgha
Makhleb
Nemelex Xobeh
Okawaru
Qazlal
Ru
Sif Muna
Trog
Uskayaw
Vehumet
Wu Jian
Xom
Yredelemnul
Zin
The Shining One

Annotations:
D:5 3 runed translucent doors, MirrMurr's ghost, novice PaBe
D:8 exclusion: upstairs


Innate Abilities, Weirdness & Mutations

((You have a beak for a mouth.))
((You have claws for feet.))
You can fly continuously.
Your life essence is reduced to manifest your ancestor. (-10% HP)
((You have a pair of small antennae on your head.))
You are dopey. (Int -2)
You are frail. (-10% HP)


Message History

You kill the large slime creature!
Your Dodging skill increases to level 5!
The slime creature hits you. The slime creature barely misses you.
You pummel the slime creature!! You freeze the slime creature.
The slime creature is moderately wounded.
The slime creature hits you.
You hit the slime creature. You freeze the slime creature.
The slime creature is lightly wounded.
The slime creature misses you. The slime creature barely misses you.
You pummel the slime creature!! You freeze the slime creature.
The slime creature is severely wounded.
The slime creature hits you but does no damage.
You punch the slime creature! You freeze the slime creature.
The slime creature is lightly wounded.
The slime creature hits you. The slime creature hits you!!
* * * LOW HITPOINT WARNING * * *
You pummel the slime creature!! You freeze the slime creature.
You kill the slime creature!
The slime creature hits you!
You die...

.....###+#............
....#................
....................#
####†.....###...####
#......# #...#
#......###...#
#......+.....##
+.J....##.....#
###Y#####.....#
#R#####.....#
#.....#.....#
######.#.....###
........<........
#######.#.#######
#.#)# #.#.# +.....#


You could see the friendly Synnove the ancestor and a slime creature.

Vanquished Creatures
  A two-headed ogre (D:8)
  A troll (D:9)
  4 slime creatures (D:9)
  Prince Ribbit (D:7)
  3 orc warriors
  A black bear (D:9)
  3 ogres
  4 centaurs
  A gnoll sergeant (D:7)
  A scorpion (D:5)
  14 wights
  2 howler monkeys (D:8)
  2 centaur zombies
  3 bullfrog zombies
  A quasit (D:6)
  2 orc priests
  4 hounds
  4 jellies (D:8)
  4 bullfrog skeletons
  A centaur skeleton (D:6)
  3 iguanas
  7 orc wizards
  10 worker ants
  A hound zombie (D:7)
  A worker ant zombie (D:5)
  8 gnolls
  A howler monkey skeleton (D:5)
  10 adders
  A shadow imp (D:8)
  3 white imps
  4 ufetubi
  3 adder skeletons
  A worm (D:4)
  3 dart slugs (D:1)
  3 leopard geckos
  22 orcs
  6 bats
  6 giant cockroaches
  8 hobgoblins
  11 jackals
  7 kobolds
  6 quokkas
  2 ball pythons
  5 frilled lizards
  A giant cockroach zombie (D:5)
  10 goblins
  A leopard gecko skeleton (D:4)
  2 rats
203 creatures vanquished.

Vanquished Creatures (collateral kills)
  3 wights (D:8)
3 creatures vanquished.

Vanquished Creatures (others)
  An ancestor (D:8)
1 creature vanquished.

Grand Total: 207 creatures vanquished

Notes
Turn   | Place    | Note
-------+----------+-------------------------------------------
     0 | D:1      | kae the Tengu Transmuter began the quest for the Orb.
     0 | D:1      | Reached XP level 1. HP: 12/12 MP: 4/4
   136 | D:1      | Reached XP level 2. HP: 9/16 MP: 4/6
   660 | D:1      | Reached XP level 3. HP: 16/20 MP: 5/7
  1320 | D:2      | Reached skill level 4 in Unarmed Combat
  1383 | D:2      | Reached skill level 7 in Unarmed Combat
  1383 | D:2      | Reached skill level 5 in Transmutations
  1383 | D:2      | Reached XP level 4. HP: 29/30 MP: 8/11
  1473 | D:1      | Learned a level 3 spell: Spider Form
  1484 | D:2      | Gained mutation: You can fly continuously. [Tengu growth]
  1484 | D:2      | Reached XP level 5. HP: 34/34 MP: 6/12
  1863 | D:2      | Found an ancient bone altar of Kikubaaqudgha.
  2635 | D:3      | Reached skill level 8 in Unarmed Combat
  2868 | D:3      | Reached XP level 6. HP: 38/39 MP: 11/13
  3429 | D:4      | Learned a level 5 spell: Blade Hands
  3434 | D:4      | Learned a level 4 spell: Ice Form
  3513 | D:4      | Found a bloodstained altar of Trog.
  3649 | D:4      | Found an ornate altar of the Wu Jian Council.
  4158 | D:5      | Entered Level 5 of the Dungeon
  4200 | D:5      | Reached XP level 7. HP: 33/44 MP: 11/14
  4206 | D:5      | Reached skill level 1 in Ice Magic
  4624 | D:5      | Found a runed translucent gate.
  4624 | D:5      | Found a runed translucent gate.
  4624 | D:5      | Found a runed translucent gate.
  4624 | D:5      | Noticed MirrMurr's ghost (novice PaBe)
  5391 | D:6      | Reached XP level 8. HP: 48/48 MP: 11/15
  5847 | D:6      | Reached skill level 5 in Fighting
  6054 | D:6      | Found a blossoming altar of Fedhas.
  6219 | D:6      | Found a stormy altar of Qazlal.
  6659 | D:6      | Found a broken altar of Ashenzari.
  6693 | D:6      | Reached skill level 9 in Unarmed Combat
  6742 | D:6      | Found an opulent altar of Gozag.
  6960 | D:7      | Reached XP level 9. HP: 51/54 MP: 13/16
  7047 | D:7      | Noticed Prince Ribbit
  7063 | D:7      | Gained mutation: You have a pair of small antennae on your
                  | head. [mutagenic glow]
  7077 | D:6      | Gained mutation: You are frail. (-10% HP) [mutagenic glow]
  7086 | D:6      | Gained mutation: Your magical capacity is low. (-10% MP)
                  | [mutagenic glow]
  7172 | D:6      | Lost mutation: You have a pair of small antennae on your
                  | head. [potion of mutation]
  7172 | D:6      | Lost mutation: Your magical capacity is low. (-10% MP)
                  | [potion of mutation]
  7172 | D:6      | Gained mutation: You are dopey. (Int -2) [potion of
                  | mutation]
  7172 | D:6      | Gained mutation: You have a pair of small antennae on your
                  | head. [potion of mutation]
  7217 | D:7      | Killed Prince Ribbit
  8201 | D:7      | Found a staircase to the Ecumenical Temple.
  8609 | D:7      | Found a glowing silver altar of Zin.
  8610 | D:7      | Found a burning altar of Makhleb.
  8611 | D:7      | Noticed an angel
  8613 | D:7      | Noticed a green death
  8905 | Temple   | Entered the Ecumenical Temple
  8962 | Temple   | Became a worshipper of Hepliaklqana the Forgotten
  9700 | D:8      | Found a sparkling altar of Nemelex Xobeh.
  9778 | D:8      | Noticed a two-headed ogre
  9829 | D:8      | Killed a two-headed ogre
  9829 | D:8      | Reached XP level 10. HP: 47/48 MP: 17/17
 10647 | D:9      | Reached skill level 10 in Unarmed Combat
 10917 | D:9      | Reached * piety under Hepliaklqana
 10965 | D:9      | Reached skill level 5 in Ice Magic
 11042 | D:9      | Reached skill level 5 in Dodging
 11046 | D:9      | HP: 2/57 [slime creature (20)]
 11047 | D:9      | Mangled by a slime creature

Illustrated notes

Levels and vault maps discovered:
D:1:      lemuel_arrival_funnel, layout_loops_ring
D:2:      cheibrodos_greedy_goblins, layout_loops_ring, lemuel_crystal_altar,
          minmay_liquid_box
D:3:      layout_loops_ring, chequers_serial_rivers_micro_d
D:4:      layout_basic, kennysheep_mini, nicolae_overflow_crystal_walls
D:5:      layout_loops_ring, ebering_ghost_rock_garden,
          minmay_fractal_squares_diagonal_5
D:6:      layout_loops_corners, grunt_qazlal_clouds, marbit_many_paths,
          lemuel_doored_altar, kennysheep_mini_moat
D:7:      layout_loops_ring, grunt_temple_overflow_order_and_chaos_2,
          minmay_temple_entry_from_below_a, hangedman_abyss_or_decor_slice,
          uniq_prince_ribbit1
D:8:      layout_basic, nicolae_zen_rock_garden, nemelex_spade_bored_becter
D:9:      layout_basic
Temple:   cyrus_circular_temple

Skill      XL: |  1  2  3  4  5  6  7  8  9 10 |
---------------+-------------------------------+-----
Transmutations | 2 5 6 7 |  7.8
Unarmed Combat | 7 8 9 10 | 10.5
Fighting       | 4 5 6 |  6.3
Spellcasting   | 4 |  4.4
Ice Magic      | 1 3 4 5 |  5.0
Dodging        | 3 4 5 |  5.1

Action                   |  1- 3 |  4- 6 |  7- 9 | 10-12 || total
-------------------------+-------+-------+-------+-------++-------
Melee: Unarmed           |    61 |   123 |   323 |    62 ||   569
       Kick              |    16 |    13 |    53 |     4 ||    86
       Headbutt          |     4 |     7 |     9 |       ||    20
       Peck              |     8 |     8 |    37 |     6 ||    59
       Punch             |       |     1 |     9 |       ||    10
 Cast: Beastly Appendage |    17 |    24 |    12 |       ||    53
       Spider Form       |       |     7 |    21 |       ||    28
       Blade Hands       |       |       |     3 |       ||     3
       Ice Form          |       |       |       |     4 ||     4
Invok: Recall Ancestor   |       |       |     1 |     1 ||     2
 Abil: Fly               |       |     1 |       |       ||     1
Evoke: Wand              |       |       |     2 |       ||     2
  Use: Potion            |     3 |       |     2 |       ||     5
       Scroll            |       |    12 |     5 |       ||    17
 Stab: Sleeping          |     1 |     1 |       |       ||     2
       Paralysed         |       |       |     5 |       ||     5
Armor: Robe              |    11 |     5 |    29 |     2 ||    47
       Skin              |       |     3 |     5 |     5 ||    13
Dodge: Dodged            |    52 |   104 |   255 |    39 ||   450

Table legend: (Time is in decaauts)
 A = Elapsed time spent in this place.
 B = Non-inter-level travel time spent in this place.
 C = Inter-level travel time spent in this place.
 D = Time resting spent in this place.
 E = Time spent auto-exploring this place.
 F = Levels seen in this place.
 G = Mean time per level.
                   A        B        C        D        E       F      G
               +--------+--------+--------+--------+--------+-----+--------+
         Total |  10457 |  10129 |    328 |    925 |   7728 |  10 | 1045.7 |
       Dungeon |  10398 |  10089 |    309 |    925 |   7691 |   9 | 1155.3 |
        Temple |     58 |     39 |     19 |      0 |     37 |   1 |   58.0 |
               +--------+--------+--------+--------+--------+-----+--------+

Top non-repeatable levels by time:
     D:7: 1649 daAuts
     D:8: 1602 daAuts
     D:6: 1577 daAuts
     D:5: 1198 daAuts
     D:1: 1191 daAuts
     D:4: 979 daAuts
     D:2: 958 daAuts
     D:3: 839 daAuts
     D:9: 402 daAuts
  Temple: 58 daAuts
